 Dungeon Crawl Stone Soup version 0.18-a0-1805-g8ab820f (console) character file.

128 MenacingMecha the Insei (level 5, 0/44 HPs)
             Began as a Naga Transmuter on Apr 26, 2016.
             Slain by an orc
             ... wielding a +0 flail
              (7 damage)
             ... on level 3 of the Dungeon.
             The game lasted 00:08:55 (4147 turns).

MenacingMecha the Insei (Naga Transmuter)           Turns: 4147, Time: 00:08:55

Health: 0/44       AC:  4    Str: 12    XL:     5   Next: 11%
Magic:  4/8        EV:  8    Int: 13    God:
Gold:   76         SH:  0    Dex: 13    Spells: 3 memorised, 2 levels left

rFire  . . .     SeeInvis +       - Unarmed
rCold  . . .     Gourm    .     k - +0 ring mail
rNeg   . . .     Faith    .     (no shield)
rPois  +         Spirit   .     (no helmet)
rElec  .         Dismiss  .     (no cloak)
rCorr  .         Reflect  .     (no gloves)
SustAt .         Harm     .     (no barding)
MR     .....                    (no amulet)
Stlth  +.........               (no ring)
                                (no ring)

@: very slightly contaminated, slowed, very slow, not resistant to hostile
enchantments, very unstealthy
A: see invisible, deformed body, poison resistance, slowness 2, slow metabolism
1, spit poison 2, AC +1
a: Spit Poison


You were on level 3 of the Dungeon.
You were not hungry.

You visited 1 branch of the dungeon, and saw 3 of its levels.

You collected 76 gold pieces.

Inventory:

Missiles
 a - 5 arrows (quivered)
Armour
 b - a +0 robe
 k - a +0 ring mail (worn)
Jewellery
 i - an uncursed amulet of faith
 j - an uncursed ring of ice
Wands
 s - a wand of flame (37/48)
Scrolls
 f - 2 scrolls of blinking {unknown}
 g - 3 scrolls of identify
 m - a scroll of enchant weapon {unknown}
 p - a scroll of magic mapping {unknown}
 r - 2 scrolls of remove curse {unknown}
 w - a scroll of amnesia {unknown}
Potions
 h - a potion of haste {unknown}
 l - 2 potions of brilliance {unknown}
 n - a potion of ambrosia {unknown}
 t - a potion of agility {unknown}
 v - a potion of curing {unknown}
Books
 c - a book of Changes

   Spells                             Type                      Level
   a - Beastly Appendage              Transmutation                1
   b - Sticks to Snakes               Transmutation                2
   c - Spider Form                    Transmutation/Poison         3
   d - Ice Form                       Ice/Transmutation            4
   e - Blade Hands                    Transmutation                5
Comestibles
 d - 3 bread rations
 o - 3 fruits
 q - a beef jerky
 x - 3 chunks of flesh


   Skills:
 - Level 1.0 Fighting
 - Level 1.5 Dodging
 - Level 5.1 Unarmed Combat
 - Level 2.0 Spellcasting
 + Level 2.6 Transmutations
 + Level 1.6 Poison Magic


You had 2 spell levels left.
You knew the following spells:

 Your Spells              Type           Power        Failure   Level  Hunger
a - Beastly Appendage     Trmt           #.....       21%         1    ##.....
b - Sticks to Snakes      Trmt           #.......     30%         2    ###....
c - Spider Form           Trmt/Pois      #.........   77%         3    ####...


Dungeon Overview and Level Annotations

Branches:
Dungeon (3/15)

Altars:
Okawaru
Qazlal
Trog

Annotations:
D:2 2 goblins over deep water with spears
D:3 gnoll pack


Innate Abilities, Weirdness & Mutations

You cannot wear boots.
Your serpentine skin is tough (AC +1).
You have supernaturally acute eyesight.
Armour fits poorly on your strangely shaped body.
Your system is resistant to poisons.
You cover ground very slowly.
You have a slow metabolism.
You can spit poison.


Message History

Your Poison Magic skill increases to level 1!
You have reached level 5!
Casting: Beastly Appendage
Confirm with . or Enter, or press ? or * to list all spells.
The spell is very dangerous to cast!
Continue anyway?
Okay, then.
Unknown command.
You barely miss the orc. The orc hits you with a flail.
You closely miss the orc. The orc completely misses you.
Some of the chunks of flesh in your inventory have rotted away.
You hit the orc but do no damage. You headbutt the orc.
The orc is lightly wounded.
Your horns disappear.
The orc barely misses you.
You hit the orc.
The orc is heavily wounded.
The orc hits you with a flail!
* * * LOW HITPOINT WARNING * * *
The orc hits you with a flail!
You die...

#.#####..#
#.[......#
########.#
#)# #.# #.#
#.#
#.#######..o


#.@oogoog.# #########.# You could see 4 orcs, a hobgoblin and a goblin.

Vanquished Creatures
  An orc wizard (D:3)
  2 gnolls (D:2)
  2 adders (D:2)
  An ooze (D:2)
  2 worms (D:2)
  2 dart slugs (D:1)
  A giant gecko (D:3)
  2 giant cockroaches
  9 goblins
  6 hobgoblins
  6 jackals (D:2)
  3 ball pythons
  2 bats
  2 giant newts
  4 kobolds
  A rat (D:2)
46 creatures vanquished.

Vanquished Creatures (collateral kills)
  A worm (D:3)
1 creature vanquished.

Grand Total: 47 creatures vanquished

Notes
Turn   | Place    | Note
--------------------------------------------------------------
     0 | D:1      | MenacingMecha the Naga Transmuter began the quest for the Orb.
     0 | D:1      | Reached XP level 1. HP: 18/18 MP: 3/3
   566 | D:1      | Reached XP level 2. HP: 22/25 MP: 5/5
   606 | D:1      | Learned a level 2 spell: Sticks to Snakes
  1225 | D:2      | Found an iron altar of Okawaru.
  1586 | D:2      | Reached skill level 4 in Unarmed Combat
  1958 | D:2      | Reached XP level 3. HP: 31/31 MP: 6/6
  1997 | D:2      | Found a bloodstained altar of Trog.
  2961 | D:2      | Reached XP level 4. HP: 28/38 MP: 1/7
  3313 | D:3      | Learned a level 3 spell: Spider Form
  3349 | D:3      | Found a stormy altar of Qazlal.
  3425 | D:2      | Reached skill level 5 in Unarmed Combat
  4143 | D:3      | Reached skill level 1 in Poison Magic
  4143 | D:3      | Reached XP level 5. HP: 14/44 MP: 4/8
  4147 | D:3      | Slain by an orc

Vault maps used:
D:1:      nicolae_arrival_memento_mori, minmay_stone_trees_small
D:2:      bloody_trog, kennysheep_okawaru_gauntlet, first_bread
D:3:      overflow_temple_1_default, nicolae_overflow_hidden_temple,
          nemelex_deck, item_on_display_a

Skill      XL: |  1  2  3  4 |
---------------+-------------+-----
Unarmed Combat | 4 5 |  5.1
Poison Magic   | 1 |  1.6
Fighting       | |  1.0
Dodging        | |  1.5
Spellcasting   | |  2.0
Transmutations | |  2.6

Action                   |  1- 3 |  4- 6 || total
-------------------------+-------+-------++-------
Melee: Unarmed           |   142 |    67 ||   209
       Headbutt          |     4 |     5 ||     9
       Punch             |       |     3 ||     3
 Cast: Beastly Appendage |     6 |     5 ||    11
       Sticks to Snakes  |     3 |     4 ||     7
  Use: Scroll            |       |     1 ||     1
       Potion            |       |     1 ||     1
  Eat: Chunk             |     5 |     3 ||     8
Armor: Robe              |    10 |       ||    10
       Ring mail         |    22 |    12 ||    34
Dodge: Dodged            |    72 |    35 ||   107
